cohdb
Replays
Latest Replays
All Replays
Popular Replays
Top Player Replays
Match Explorer
How It Works
Community
CoH3 Stats
Reddit
Sign in to upload your games and track your stats! →
Sign in with Steam
Match 41877318
Unlisted
Match 41877318
Overview
Messages
Build Orders
End
Kettenkrad Recon Vehicle
Construct Infanterie Kompanie
MG 42 Machine Gun Team
Grenadier Squad
MG 42 Machine Gun Team
MG 42 Bunker
Construct Luftwaffe Kompanie
Selects Terror Battlegroup
Selects Machine Gun Camouflage
Selects Contempt for the Weak
GrW 34 Mortar Team
221 Scout Car
Support Elements
Jäger Squad
Wirbelwind Flakpanzer
Selects Propaganda Leaflet Drop
Wirbelwind Flakpanzer
Construct Panzergrenadier Kompanie
Marder III M Tank Destroyer
Guderian ITA
Jan z Lipe
0
0
Comments
sign in to comment!
No comments posted yet!